Map: [ESL] Hard Lead

Players

Krystianer

  • Race: Protoss Protoss
  • Spawn Location: 5:00

SKillous - Winner!

  • Race: Protoss Protoss
  • Spawn Location: 11:00

Event: ESL SC2 Masters 2023 Winter (Regional)

VOD

Have the link to the VOD?

Description

Time

  • Played on: Nov. 16, 2023, 2:03 p.m.
  • Length: 25:32

All games in this series

Show
View Real Time Build Order
Export as new Build Order

Krystianer Protoss 

Build Orders: Phoenix Opening, Blink Stalkers 

Get SALT Encoding   

  12  0:00  Probe  
  13  0:12  Probe  
  14  0:17  Pylon  
  14  0:24  Probe (Chrono Boost)  
  16  0:37  Probe (Chrono Boost)  
  16  0:38  Gateway  
  16  0:42  Probe (Chrono Boost)  
  16  0:45  Assimilator  
  17  0:51  Probe  
  17  0:54  Assimilator  
  18  1:03  Probe (Chrono Boost)  
  19  1:07  Gateway  
  19  1:13  Probe (Chrono Boost)  
  19  1:18  Probe (Chrono Boost)  
  20  1:24  Cybernetics Core  
  21  1:29  Probe  
  22  1:34  Pylon  
  22  1:41  Probe  
  23  1:54  Probe  
  24  2:00  Stalker  
  24  2:01  Warp Gate, Stalker  
  28  2:06  Probe  
  29  2:12  Pylon  
  29  2:18  Probe  
  30  2:30  Sentry  
  32  2:42  Nexus  
  31  2:45  Probe  
  32  2:53  Twilight Council  
  32  2:57  Probe  
  33  3:00  Phoenix  
  33  3:03  Stalker  
  35  3:09  Probe  
  36  3:13  Pylon  
  36  3:21  Probe  
  36  3:23  Blink (Chrono Boost)  
  37  3:33  Probe (Chrono Boost)  
  38  3:45  Probe (Chrono Boost)  
  39  3:51  Stalker x2  
  39  3:54  Probe (Chrono Boost)  
  45  3:56  Probe (Chrono Boost)  
  46  4:03  Probe (Chrono Boost)  
  46  4:04  Probe (Chrono Boost)  
  46  4:09  Probe  
  47  4:11  Probe  
  47  4:14  Stalker x2  
  53  4:21  Robotics Facility, Probe  
  53  4:24  Probe  
  55  4:38  Stalker x2  
  59  4:46  Pylon  
  59  4:49  Nexus  
  59  4:51  Probe  
  59  4:52  Probe  
  61  5:03  Probe  
  61  5:05  Probe  
  61  5:06  Forge  
  63  5:07  Stalker x2  
  63  5:12  Shield Battery  
  67  5:15  Probe  
  67  5:17  Probe  
  67  5:27  Probe  
  66  5:30  Protoss Ground Weapons Level 1  
  66  5:31  Stalker  
  69  5:36  Stalker  
  69  5:40  Pylon  
  70  5:51  Gateway  
  70  5:53  Gateway  
  70  5:59  Observer, Probe (Chrono Boost)  
  70  6:00  Stalker  
  70  6:01  Stalker  
  70  6:03  Probe (Chrono Boost)  
  78  6:04  Probe (Chrono Boost)  
  78  6:07  Gateway x2  
  78  6:08  Probe (Chrono Boost)  
  78  6:10  Probe (Chrono Boost)  
  81  6:13  Probe (Chrono Boost)  
  81  6:14  Probe (Chrono Boost)  
  81  6:15  Probe  
  81  6:17  Gateway x2  
  83  6:20  Charge (Chrono Boost)  
  84  6:25  Probe  
  84  6:29  Adept x2  
  88  6:35  Nexus  
  88  6:37  Probe  
  88  6:38  Probe x2  
  91  6:43  Pylon  
  91  6:49  Probe  
  91  6:50  Gateway, Probe  
  91  6:52  Gateway  
  93  7:01  Probe x2  
  94  7:02  Probe  
  94  7:05  Stalker x3  
  98  7:08  Pylon  
  98  7:13  Photon Cannon, Probe x2  
  100  7:17  Pylon  
  100  7:18  Pylon  
  100  7:20  Shield Battery  
  100  7:21  Protoss Ground Weapons Level 2 (Chrono Boost)  
  100  7:25  Warp Prism (Chrono Boost)  
  101  7:32  Photon Cannon  
  101  7:33  Zealot x3  
  107  7:41  Zealot x4  
  115  7:44  Zealot  
  115  7:47  Probe  
  115  7:48  Probe  
  115  7:50  Zealot x2  
  123  7:55  Zealot x3  
  129  8:02  Observer  
  129  8:03  Pylon  
  129  8:04  Zealot  
  129  8:05  Zealot x3  
  138  8:11  Pylon  
  138  8:14  Pylon  
  136  8:32  Zealot x9, Warp Prism (Chrono Boost)  
  136  8:33  Zealot  
  152  8:48  Pylon  
  152  8:49  Pylon  
  152  8:57  Nexus  
  152  9:01  Stalker x6  
  164  9:06  Zealot x4  
  172  9:12  Pylon  
  167  9:30  Zealot, Protoss Ground Weapons Level 3 (Chrono Boost)  
  167  9:31  Zealot x9  
  153  9:45  Probe  
  149  9:47  Pylon  
  149  9:51  Zealot x8, Gateway  
  149  9:52  Zealot  
  166  9:53  Gateway  
  166  9:55  Zealot  
  166  9:56  Probe  
  166  9:57  Probe x2  
  165  10:03  Assimilator  
  165  10:16  Observer (Chrono Boost)  
  165  10:18  Zealot x10  
  165  10:21  Probe  
  183  10:40  Zealot, Stalker x6  
  183  10:41  Zealot x3  
  141  11:04  Zealot x4, Stalker x4  
  141  11:05  Zealot x4  
  132  11:27  Warp Prism (Chrono Boost)  
  132  11:32  Stalker x2  
  132  11:33  Zealot x7, Stalker x3  
  132  11:34  Probe x4  
  160  11:47  Probe  
  160  11:49  Protoss Ground Armor Level 1 (Chrono Boost)  
  160  11:53  Nexus  
  161  11:56  Zealot x4, Assimilator, Stalker x3  
  175  12:02  Zealot x4  
  183  12:20  Zealot x8  
  199  12:26  Zealot x2  
  199  12:28  Zealot  
  195  12:36  Zealot  
  159  12:37  Probe  
  159  12:41  Probe  
  135  12:45  Zealot x4  
  135  12:46  Probe  
  137  12:53  Zealot x7  
  137  12:54  Probe  
  116  13:06  Stalker x5  
  116  13:09  Probe  
  122  13:13  Zealot x4  
  122  13:14  Zealot  
  122  13:19  Photon Cannon  
  131  13:20  Shield Battery  
  131  13:21  Stalker x2  
  131  13:23  Probe (Chrono Boost)  
  131  13:25  Probe (Chrono Boost)  
  131  13:26  Probe (Chrono Boost)  
  140  13:28  Probe (Chrono Boost)  
  140  13:29  Stalker x4  
  140  13:30  Probe (Chrono Boost)  
  149  13:35  Observer (Chrono Boost)  
  149  13:36  Probe (Chrono Boost)  
  149  13:37  Protoss Ground Armor Level 2 (Chrono Boost)  
  149  13:38  Zealot x3, Probe x2 (Chrono Boost)  
  158  13:43  Zealot x2  
  162  13:48  Zealot  
  162  13:49  Zealot  
  166  13:57  Pylon  
  164  14:08  Zealot x10  
  182  14:22  Zealot x2  
  180  14:29  Stalker x7  
  180  14:31  Probe  
  187  14:45  Zealot x5  
  187  14:55  Nexus  
  185  15:06  Zealot x10  
  199  15:13  Photon Cannon  
  199  15:15  Shield Battery  
  189  15:36  Zealot x6  
  189  15:37  Protoss Shields Level 1 (Chrono Boost)  
  189  15:42  Zealot x2  
  199  15:53  Assimilator  
  199  15:55  Zealot x2  
  199  15:56  Assimilator  
  187  16:05  Zealot  
  187  16:06  Zealot x4  
  179  16:15  Zealot x3  
  179  16:16  Warp Prism (Chrono Boost), Probe  
  166  16:22  Stalker  
  166  16:23  Stalker x3  
  166  16:24  Probe  
  166  16:25  Probe x2  
  173  16:30  Photon Cannon  
  173  16:31  Photon Cannon  
  169  16:37  Probe  
  146  16:43  Zealot x4  
  146  16:44  Zealot x4  
  146  16:45  Zealot x3  
  146  16:46  Zealot  
  126  17:05  Stalker  
  126  17:06  Stalker x11  
  130  17:18  Protoss Ground Armor Level 3 (Chrono Boost)  
  130  17:24  Observer  
  130  17:28  Stalker x2  
  130  17:29  Stalker x7  
  147  17:30  Zealot  
  147  17:36  Zealot x2  
  153  17:52  Zealot x10  
  156  18:13  Zealot x10  
  156  18:14  Zealot  
  114  18:41  Probe  
  114  18:42  Probe  
  114  18:45  Stalker x9  
  114  18:46  Stalker  
  135  18:56  Zealot x2  
  135  18:59  Observer (Chrono Boost)  
  140  19:16  Zealot x5  
  150  19:17  Nexus  
  150  19:20  Probe, Pylon  
  141  19:53  Zealot, Stalker x4  
  141  19:54  Zealot x4  
  141  19:58  Zealot x3  
  161  20:23  Zealot x9  
  157  20:44  Zealot x4  
  163  20:57  Zealot x4  
  163  21:07  Zealot  
  163  21:10  Stalker x2  
  156  21:41  Stalker x6  
  168  21:51  Zealot x6  
  180  22:08  Assimilator  
  178  22:23  Zealot  
  178  22:24  Zealot x9  
  192  22:44  Zealot x4  
  196  23:11  Stalker x2  
  165  24:01  Stalker x9  
  165  24:02  Stalker x3  
  111  24:35  Stalker x10  
  111  24:36  Zealot x2  
  120  25:17  Zealot x8  
Show
View Real Time Build Order
Export as new Build Order

SKillous Protoss - Winner!

Build Orders: Blink Stalkers 

Get SALT Encoding   

  12  0:00  Probe  
  13  0:12  Probe  
  14  0:17  Pylon  
  14  0:24  Probe (Chrono Boost)  
  15  0:36  Probe (Chrono Boost)  
  15  0:38  Gateway  
  16  0:44  Probe (Chrono Boost)  
  16  0:46  Assimilator  
  17  0:50  Probe  
  17  0:53  Assimilator  
  18  1:03  Probe (Chrono Boost)  
  19  1:07  Gateway  
  20  1:12  Probe (Chrono Boost)  
  20  1:17  Probe (Chrono Boost)  
  21  1:26  Cybernetics Core  
  21  1:29  Probe  
  22  1:35  Pylon  
  22  1:41  Probe  
  23  1:53  Probe  
  24  2:02  Warp Gate, Stalker x2  
  28  2:11  Pylon  
  28  2:20  Shield Battery  
  28  2:22  Pylon  
  28  2:35  Sentry  
  28  2:36  Probe  
  31  2:37  Sentry  
  33  2:48  Probe  
  33  2:49  Nexus  
  34  2:55  Shield Battery  
  34  2:58  Sentry  
  34  3:00  Probe  
  37  3:10  Twilight Council  
  37  3:17  Pylon  
  37  3:19  Probe  
  38  3:33  Probe  
  39  3:38  Blink (Chrono Boost)  
  39  3:45  Probe  
  40  3:51  Stalker  
  42  3:57  Stalker, Probe  
  45  4:05  Probe  
  45  4:09  Probe  
  47  4:14  Stalker  
  49  4:17  Probe  
  49  4:21  Probe, Stalker  
  53  4:29  Probe  
  54  4:34  Pylon, Probe  
  54  4:37  Stalker  
  57  4:41  Probe (Chrono Boost)  
  57  4:45  Stalker  
  60  4:51  Probe (Chrono Boost)  
  61  4:53  Nexus  
  61  4:56  Probe (Chrono Boost)  
  61  4:59  Probe (Chrono Boost)  
  63  5:00  Assimilator  
  63  5:03  Stalker  
  63  5:04  Probe  
  66  5:10  Probe  
  67  5:16  Probe  
  67  5:18  Stalker  
  70  5:22  Robotics Facility  
  69  5:31  Probe x2 (Chrono Boost)  
  70  5:37  Forge  
  70  5:42  Pylon  
  70  5:43  Pylon  
  70  5:54  Shield Battery  
  70  5:55  Pylon  
  70  6:01  Gateway x2  
  70  6:03  Gateway, Probe x2 (Chrono Boost)  
  72  6:04  Protoss Ground Weapons Level 1 (Chrono Boost), Charge  
  72  6:05  Probe (Chrono Boost)  
  72  6:10  Observer (Chrono Boost)  
  74  6:14  Stalker  
  74  6:15  Probe (Chrono Boost)  
  74  6:16  Probe x2 (Chrono Boost)  
  74  6:17  Stalker  
  81  6:20  Probe (Chrono Boost)  
  81  6:24  Observer (Chrono Boost), Probe x2  
  84  6:31  Gateway  
  84  6:32  Probe  
  86  6:35  Shield Battery  
  86  6:36  Photon Cannon, Probe  
  86  6:38  Stalker  
  89  6:44  Shield Battery, Pylon  
  89  6:51  Stalker  
  91  6:58  Probe x3  
  91  6:59  Observer  
  90  7:02  Stalker x4  
  96  7:10  Probe x3  
  99  7:15  Stalker  
  99  7:19  Observer  
  101  7:26  Pylon  
  101  7:32  Nexus  
  101  7:33  Stalker x3  
  101  7:35  Pylon  
  101  7:36  Stalker  
  109  7:37  Stalker  
  109  7:43  Stalker  
  113  7:46  Shield Battery  
  113  7:47  Observer, Pylon  
  113  7:57  Protoss Ground Weapons Level 2 (Chrono Boost)  
  113  7:59  Shield Battery  
  113  8:02  Shield Battery  
  113  8:03  Probe  
  113  8:04  Photon Cannon  
  116  8:06  Pylon, Stalker  
  118  8:14  Observer, Stalker x2  
  118  8:15  Zealot x2  
  118  8:16  Zealot  
  126  8:21  Shield Battery x2  
  118  8:37  Observer, Zealot x3, Stalker x3  
  118  8:39  Probe x2  
  118  8:40  Probe  
  133  8:44  Shield Battery  
  133  8:49  Photon Cannon  
  133  8:50  Forge  
  133  8:51  Probe  
  134  8:57  Observer  
  134  9:00  Stalker x2  
  134  9:02  Stalker  
  140  9:03  Pylon  
  140  9:08  Shield Battery  
  140  9:10  Stalker, Pylon  
  140  9:15  Stalker x2  
  144  9:29  Zealot x3  
  134  9:35  Gateway  
  134  9:36  Stalker  
  134  9:38  Gateway  
  136  9:39  Observer  
  136  9:44  Stalker x2  
  136  9:45  Protoss Ground Armor Level 1 (Chrono Boost)  
  132  9:51  Shield Battery, Stalker  
  132  9:52  Zealot x2  
  138  9:54  Pylon  
  138  9:59  Stalker  
  140  10:07  Stalker  
  140  10:08  Stalker  
  144  10:18  Zealot x3  
  150  10:24  Photon Cannon  
  150  10:25  Pylon  
  150  10:26  Assimilator, Probe x3  
  153  10:29  Zealot  
  153  10:32  Nexus, Protoss Ground Weapons Level 3 (Chrono Boost)  
  153  10:35  Pylon  
  149  10:37  Zealot x4  
  151  10:45  Zealot x3  
  148  10:55  Stalker  
  144  11:02  Stalker x4  
  142  11:12  Nexus, Stalker  
  142  11:13  Shield Battery  
  142  11:15  Zealot x2  
  142  11:16  Nexus  
  140  11:19  Observer  
  140  11:24  Zealot  
  138  11:32  Stalker x4  
  140  11:33  Shield Battery  
  140  11:34  Photon Cannon  
  140  11:36  Probe, Pylon  
  140  11:37  Probe  
  149  11:42  Zealot x3  
  149  11:45  Protoss Ground Armor Level 2 (Chrono Boost)  
  154  11:47  Pylon  
  154  11:52  Probe x2  
  154  11:53  Probe  
  157  11:56  Photon Cannon  
  157  11:58  Stalker  
  157  11:59  Zealot x2, Photon Cannon  
  163  12:08  Stalker x2  
  163  12:12  Stalker  
  163  12:14  Shield Battery  
  169  12:24  Zealot x5  
  177  12:34  Zealot x2  
  136  12:47  Zealot x6  
  136  12:48  Protoss Shields Level 1 (Chrono Boost)  
  129  13:08  Stalker  
  129  13:09  Nexus, Stalker x5  
  129  13:12  Photon Cannon  
  141  13:14  Shield Battery  
  141  13:21  Stalker x2  
  145  13:32  Photon Cannon, Stalker x5  
  145  13:33  Stalker  
  157  13:42  Protoss Ground Armor Level 3 (Chrono Boost)  
  157  13:45  Observer  
  155  13:52  Stalker  
  157  13:56  Nexus, Stalker  
  157  13:57  Pylon  
  159  14:07  Stalker x2  
  163  14:11  Zealot x4  
  169  14:22  Observer  
  167  14:38  Stalker x5  
  177  14:39  Zealot x3  
  177  14:44  Protoss Shields Level 2 (Chrono Boost)  
  171  15:05  Zealot x8  
  187  15:13  Assimilator  
  187  15:15  Assimilator  
  185  15:22  Pylon  
  185  15:24  Nexus  
  185  15:27  Stalker x6  
  197  15:28  Zealot  
  199  15:35  Pylon  
  199  15:41  Stalker  
  195  15:52  Zealot  
  195  15:53  Zealot x2  
  195  15:56  Nexus  
  199  16:00  Stalker  
  161  16:22  Stalker x2  
  161  16:23  Stalker x5  
  161  16:25  Warp Prism (Chrono Boost), Pylon  
  155  16:43  Stalker  
  157  16:48  Zealot, Stalker x6  
  149  17:07  Photon Cannon  
  149  17:08  Stalker  
  149  17:09  Shield Battery  
  149  17:15  Stalker x5  
  159  17:16  Zealot x2  
  163  17:33  Stalker  
  163  17:35  Pylon  
  165  17:39  Zealot x7  
  178  17:56  Stalker  
  180  18:06  Stalker x7  
  178  18:26  Stalker  
  152  18:37  Stalker x7  
  146  18:56  Stalker  
  146  18:57  Nexus  
  148  19:02  Pylon  
  148  19:04  Stalker x6  
  148  19:05  Zealot  
  162  19:27  Stalker x5  
  162  19:28  Zealot x3  
  162  19:30  Shield Battery  
  178  19:31  Photon Cannon  
  178  19:34  Pylon  
  178  19:50  Nexus  
  178  19:51  Observer  
  178  19:55  Stalker x4  
  178  19:56  Zealot, Stalker  
  188  20:16  Stalker x2  
  192  20:24  Nexus  
  192  20:26  Stalker  
  188  20:38  Nexus  
  188  20:49  Zealot x7  
  200  20:56  Stalker  
  190  21:11  Stalker x4  
  190  21:12  Zealot  
  196  21:20  Stalker  
  196  21:21  Zealot  
  196  21:23  Photon Cannon  
  200  21:39  Observer (Chrono Boost)  
  193  21:48  Zealot x3  
  193  21:52  Photon Cannon  
  193  21:53  Photon Cannon x2  
  199  21:55  Photon Cannon x2  
  199  21:57  Shield Battery  
  197  22:08  Stalker  
  197  22:14  Zealot  
  192  22:25  Stalker x4  
  198  22:39  Stalker  
  197  23:13  Stalker  
  187  23:34  Stalker x5  
  187  23:35  Stalker  
  181  24:00  Zealot x8  
  191  24:04  Gateway  
  191  24:06  Gateway  
  189  24:23  Warp Prism  
  165  24:29  Stalker x8  
  173  24:44  Assimilator  
  173  24:45  Assimilator  
  173  24:49  Nexus  
  173  24:51  Pylon  
  173  25:12  Stalker x5  
  183  25:14  Shield Battery x2  
  183  25:18  Photon Cannon  
  183  25:19  Stalker  
  183  25:21  Photon Cannon  
  185  25:23  Zealot x4  
  185  25:27  Pylon  
Tags
 
Add a new tag
Caveats
  • Supply blocks, unpowered buildings, or Contaminate may cause inaccurate times.
  • Supply counts are checked every 10 seconds.